 Dungeon Crawl Stone Soup version 0.29.1-15-g9cfb28693d (webtiles) character file.

Game seed: 10224456398432032745

2144 Sanktem7 the Fighter (level 9, -4/90 HPs)
             Began as a Minotaur Fighter on Feb 25, 2023.
             Was a Believer of Okawaru.
             Slain by an orc warrior
             ... wielding the +7 spear of Integrity {flame, rN+ Str+4 Dex-5}
              (15 damage)
             ... on level 6 of the Dungeon.
             The game lasted 00:10:53 (7081 turns).

Sanktem7 the Fighter (Minotaur Fighter)             Turns: 7081, Time: 00:10:54

Health: -4/90      AC: 15    Str: 24    XL:     9   Next: 9%
Magic:  8/8        EV: 10    Int:  5    God:    Okawaru [**....]
Gold:   430        SH:  5    Dex: 17    Spells: 8/8 levels left

rFire   . . .      SeeInvis .   t - +2 hammer (venom)
rCold   . . .      Faith    .   y - +0 buckler {reflect}
rNeg    . . .      Spirit   .   n - +1 ring mail {Will+}
rPois   .          Reflect  +   (helmet restricted)
rElec   .          Harm     .   r - +2 cloak
rCorr   .          Rampage  .   (no gloves)
Will    +....                   q - +0 pair of boots
Stlth   +.........              (no amulet)
HPRegen 0.25/turn               a - +6 ring of dexterity
MPRegen 0.11/turn               c - +4 ring of protection

@: studying Fighting
A: horns 2, retaliatory headbutt
a: Renounce Religion, Heroism


You were on level 6 of the Dungeon.
You worshipped Okawaru.
Okawaru was pleased with you.
You visited 2 branches of the dungeon, and saw 7 of its levels.

You collected 430 gold pieces.


Innate Abilities, Weirdness & Mutations

You have a pair of horns on your head.
You reflexively headbutt those who attack you in melee.


   Skills:
 * Level 12.0 Fighting
 - Level 5.5(7.6) Axes
 * Level 8.2(9.0) Maces & Flails
 + Level 2.6 Throwing
 - Level 6.0 Armour
 - Level 3.6 Shields


You had 8 spell levels left.
You didn't know any spells.
Your spell library contained the following spells:

 Spells                   Type           Power      Damage    Failure   Level
 Frozen Ramparts          Ice            0%         1d1       97%         3
 Gell's Gravitas          Tloc           0%         N/A       97%         3
 Lesser Beckoning         Tloc           0%         N/A       97%         3
 Teleport Other           Tloc           0%         N/A       97%         3
 Ice Form                 Ice/Tmut       0%         N/A       100%        4
 Animate Dead             Necr           Unusable   N/A       N/A         4
 Summon Ice Beast         Ice/Summ       Unusable   N/A       N/A         4
 Haunt                    Necr/Summ      Unusable   N/A       N/A         7
 Infestation              Necr           Unusable   N/A       N/A         8

Inventory:

Hand Weapons
 t - a +2 hammer of venom (weapon)
   (You found it on level 2 of the Dungeon)
Missiles
 e - 89 stones (quivered) {throwing}
 g - 9 boomerangs {throwing}
 k - 34 poisoned darts {throwing}
Armour
 n - a +1 ring mail of willpower (worn)
   (You found it on level 4 of the Dungeon)
 q - a +0 pair of boots (worn)
   (You found it on level 3 of the Dungeon)
 r - a +2 cloak (worn)
   (You took it off Crazy Yiuf on level 2 of the Dungeon)
 y - a +0 buckler of reflection (worn)
   (You found it on level 5 of the Dungeon)
 z - a scarf of shadows
   (You found it on level 6 of the Dungeon)
Jewellery
 a - a +6 ring of dexterity (left hand)
   (You found it on level 3 of the Dungeon)
 c - a +4 ring of protection (right hand)
   (You found it on level 5 of the Dungeon)
 u - a ring of protection from fire
   (You found it on level 3 of the Dungeon)
Wands
 s - a wand of flame (36)
   (You took it off Crazy Yiuf on level 2 of the Dungeon)
 B - a wand of light (12)
   (You took it off Ijyb on level 5 of the Dungeon)
Scrolls
 b - a scroll of immolation {!r!r}
 h - 2 scrolls of fog
 i - a scroll of amnesia
 l - a scroll of magic mapping {!r}
 m - a scroll of vulnerability {!r!r}
 v - 4 scrolls of noise {!r}
 w - a scroll of poison {!r}
 A - 2 scrolls of teleportation {unknown}
 C - a scroll of fear
Potions
 d - 2 potions of might
 f - 3 potions of haste {@q3}
 j - 2 potions of heal wounds {unknown}
 o - 3 potions of curing {@q1}
 p - 2 potions of brilliance
 x - a potion of lignification {unknown}
 D - a potion of berserk rage {unknown}

Dungeon Overview and Level Annotations

Branches:
Dungeon (6/15) Zot: 26026  Temple (1/1) D:5 Zot: 5766

Altars:
Ashenzari
Cheibriados
Dithmenos
Elyvilon
Fedhas
Gozag
Kikubaaqudgha
Okawaru
Qazlal
Sif Muna
Trog
Uskayaw
Vehumet
Xom
Yredelemnul

Shops:
D:1 [   D:5 ?

Annotations:
D:6 Dvallin's ghost, novice GnWn

...###......#.##...#..#..##..#...
...####'########...#..#o#....####
.........# #.......'.#....#...
.........# #.......'.#.8._#...
.........# #...o..oo.#o..[#...
.........# #oooo...#.#)..)#...
.........# #oWo....#..##..#...
#######..# ####o###..#..#8..#...
.......### ##.##@##...#..##..###'
.......# #......#...#.....8#...
.......# #......#..8########...
.......# #......#..............
.......# #......#..............
.......# #......#..............
.......# ######################
########


You could see 2 orc warriors, 2 orc priests, Dvallin's ghost and 4 orcs.


Message History

No target in view!
No target in view!
No target in view!
No target in view!
No target in view!
No target in view!
No target in view!
There is an open door here.
There is an open door here.
As you open the door, it creaks loudly!
There is an open door here.
Found a stone staircase leading up.
No target in view!
There is an open door here.
There is an open door here.
Items here: ))) [.
You open the door.
There is an open door here.
There is an open door here.
There is an open door here.
The orc warrior shouts!
The orc shouts!
You hear a shout!
The orc shouts!
The orc shouts!
Dvallin's ghost turns its malevolent gaze towards you.
You hear a shout!
The orc shouts!
The orc priest shouts!
The orc shouts!
The orc warrior shouts!
The orc priest shouts!
Found a roughly hewn altar of Beogh.
The orc shouts!
You open the gate.
The orc priest calls down the wrath of Beogh upon you.
Beogh smites you! 😕 HP[-15]
You take 15 damage, and now have 75/90 hp.
The orc attacks as you move away! The orc hits you but does no damage.
The orc priest invokes the aid of Beogh against you.
Beogh smites you! 😮 HP[-12]
You take 12 damage, and now have 63/90 hp.
The orc warrior attacks as you move away!
The orc warrior hits you with a +0 morningstar!
The orc priest looks encouraged for a moment. 😮 HP[-11]
You take 11 damage, and now have 52/90 hp.
The orc warrior attacks as you move away!
The orc warrior hits you with a +0 morningstar. 😮 HP[-2]
You take 2 damage, and now have 50/90 hp.
The orc warrior attacks as you move away!
The orc warrior hits you with a +0 morningstar!
* * * LOW HITPOINT WARNING * * *
😨 HP[-8]
You take 8 damage, and now have 42/90 hp.
The orc warrior attacks as you move away!
The orc warrior hits you with a +0 morningstar!
* * * LOW HITPOINT WARNING * * *
Dvallin's ghost says, "You can run, but you can't hide!" 😨 HP[-8]
You take 8 damage, and now have 34/90 hp.
You closely miss the orc. Your headbutt misses the orc.
You block the orc's attack.
You barely miss the orc. The orc hits you but does no damage.
The orc priest miscasts a cantrip.
You hit the orc.
The orc is poisoned.
You headbutt the orc, but do no damage.
You kill the orc!
Okawaru accepts your kill. 😨 HP[+1]
You hit the orc warrior but do no damage.
The orc warrior is poisoned.
The orc warrior hits you with a +0 morningstar.
* * * LOW HITPOINT WARNING * * *
😨 HP[-5]
You take 5 damage, and now have 30/90 hp.
You hit the orc warrior but do no damage.
The orc warrior looks even sicker.
Your headbutt misses the orc warrior.
The orc warrior hits you but does no damage.
The orc warrior hits you with a +0 morningstar.
* * * LOW HITPOINT WARNING * * *
😨 HP[-4]
You take 4 damage, and now have 26/90 hp.
You hit the orc warrior.
The orc warrior looks as sick as possible!
The orc warrior hits you from afar with the +7 spear of Integrity {flame, rN+ Str+4 Dex-5}!
* * * LOW HITPOINT WARNING * * *
The orc warrior burns you.
* * * LOW HITPOINT WARNING * * *
The orc warrior closely misses you. 😱 HP[-8]
You take 8 damage, and now have 18/90 hp.
You hit the orc warrior but do no damage.
The orc warrior looks as sick as possible!
The orc warrior barely misses you.
The orc warrior hits you with a +0 morningstar!
* * * LOW HITPOINT WARNING * * *
😱 HP[-7]
You take 7 damage, and now have 11/90 hp.
You barely miss the orc warrior.
The orc warrior hits you from afar with the +7 spear of Integrity {flame, rN+ Str+4 Dex-5}!
You die...

Skill      XL: |  1  2  3  4  5  6  7  8 |
---------------+-------------------------+-----
Fighting       | 4 5 7 8 12 | 12.0
Axes           | 3 4 5 |  5.5
Armour         | 4 5 6 |  6.0
Maces & Flails | 1 2 4 5 8 |  8.2
Throwing       | 2 |  2.6
Shields        | |  3.6

Action                   |  1- 3 |  4- 6 |  7- 9 || total
-------------------------+-------+-------+-------++-------
Melee: War axe           |    72 |       |       ||    72
       Headbutt          |     8 |    14 |    30 ||    52
       Mace              |       |   113 |   145 ||   258
  Use: Scroll            |       |     7 |     6 ||    13
       Potion            |       |     1 |       ||     1
Armor: Scale mail        |    31 |    45 |       ||    76
       Ring mail         |       |    16 |    73 ||    89
Dodge: Dodged            |    32 |    72 |    66 ||   170
Block: Buckler           |    16 |    25 |    20 ||    61

Levels and vault maps discovered:
D:1:      dpeg_arrival_ternary, layout_basic, serial_shops, shop,
          minmay_indecisive_spiral
D:2:      layout_loops_ring, uniq_crazy_yiuf_cottage
D:3:      layout_basic, ebering_ghost_gozag, grunt_ministairs_10,
          nicolae_eternal_life
D:4:      layout_cave_pools, nicolae_sif_muna_little_library,
          gammafunk_ghost_nasty_kobolds, minmay_ruined_shrine
D:5:      minmay_spotlight, layout_loops_ring, minmay_temple_entry_trees,
          serial_shops, shop_scrolls, serial_bayou_crossing, uniq_ijyb,
          uniq_menkaure
D:6:      layout_gridville, tgw_kikubaaqudgha, biasface_ghost_orc_armoury,
          uniq_maggie
Temple:   nicolae_temple_bog_church

Notes
Turn   | Place    | Note
-------+----------+-------------------------------------------
     0 | D:1      | Sanktem7 the Minotaur Fighter began the quest for the Orb.
     0 | D:1      | Reached XP level 1. HP: 19/19 MP: 0/0
     0 | D:1      | magus.rc [v1.9.6]
   105 | D:1      | Found Fogis's Antique Armour Emporium.
   171 | D:1      | Reached XP level 2. HP: 27/27 MP: 1/1
   175 | D:1      | Reached skill level 4 in Fighting
   178 | D:1      | Reached skill level 3 in Axes
  1210 | D:2      | Reached skill level 4 in Armour
  1210 | D:2      | Reached XP level 3. HP: 34/34 MP: 2/2
  1799 | D:2      | Found a runed translucent door.
  1800 | D:2      | Noticed Crazy Yiuf
  1943 | D:2      | Killed Crazy Yiuf
  1944 | D:2      | Reached XP level 4. HP: 41/41 MP: 3/3
  2515 | D:3      | Reached skill level 5 in Fighting
  2555 | D:3      | Noticed a kobold brigand
  2564 | D:3      | Killed a kobold brigand
  2565 | D:3      | Reached skill level 4 in Axes
  2565 | D:3      | Reached skill level 1 in Maces & Flails
  2565 | D:3      | Reached XP level 5. HP: 22/48 MP: 4/4
  2753 | D:3      | Reached skill level 2 in Maces & Flails
  3284 | D:3      | Found a runed translucent gate.
  3284 | D:3      | Found a runed translucent gate.
  3284 | D:3      | Found an opulent altar of Gozag.
  3285 | D:3      | Found a runed translucent gate.
  3292 | D:3      | Noticed THTSBRD's ghost (weakling DrMo)
  3520 | D:3      | Killed THTSBRD's ghost
  3521 | D:3      | Reached XP level 6. HP: 31/57 MP: 5/5
  3820 | D:4      | Found a radiant altar of Vehumet.
  3829 | D:4      | Reached skill level 3 in Maces & Flails
  3831 | D:4      | Reached skill level 6 in Fighting
  3831 | D:4      | Reached skill level 5 in Armour
  4261 | D:4      | Found a runed translucent gate.
  4267 | D:4      | Found a runed translucent gate.
  4268 | D:4      | Found a runed translucent gate.
  4268 | D:4      | Noticed croobank's ghost (weakling OpDe)
  4358 | D:4      | Found a shimmering blue altar of Sif Muna.
  4459 | D:4      | HP: 10/58 [croobank's ghost (7)]
  4459 | D:4      | Killed croobank's ghost
  4460 | D:4      | Reached skill level 7 in Fighting
  4460 | D:4      | Reached skill level 4 in Maces & Flails
  4460 | D:4      | Reached XP level 7. HP: 7/66 MP: 6/6
  4757 | D:4      | You pick up a book of Displacement and begin reading...
  4757 | D:4      | You add the spells Lesser Beckoning, Gell's Gravitas and
                  | Teleport Other to your library.
  4792 | D:5      | Entered Level 5 of the Dungeon
  4818 | D:5      | Found a staircase to the Ecumenical Temple.
  4852 | D:5      | Found Zaynoxki's Magic Scroll Emporium.
  4880 | D:5      | Noticed Menkaure
  4887 | D:5      | Killed Menkaure
  4888 | D:5      | Reached skill level 5 in Axes
  5355 | D:5      | Reached skill level 8 in Fighting
  5475 | D:5      | Reached skill level 5 in Maces & Flails
  5522 | Temple   | Entered the Ecumenical Temple
  5726 | Temple   | Became a worshipper of Warmaster Okawaru
  5889 | D:5      | You pick up a book of Rime and begin reading...
  5889 | D:5      | You add the spells Frozen Ramparts and Ice Form to your
                  | library.
  6011 | D:5      | Noticed Ijyb
  6017 | D:5      | Killed Ijyb
  6018 | D:5      | Reached XP level 8. HP: 71/77 MP: 7/7
  6120 | D:6      | Reached skill level 9 in Fighting
  6123 | D:6      | Reached skill level 6 in Maces & Flails
  6123 | D:6      | Reached skill level 6 in Armour
  6270 | D:6      | Reached * piety under Okawaru
  6271 | D:6      | Reached skill level 10 in Fighting
  6360 | D:6      | You pick up a book of Death and begin reading...
  6373 | D:6      | Reached skill level 1 in Throwing
  6395 | D:6      | Found a runed translucent gate.
  6395 | D:6      | Found a runed translucent gate.
  6398 | D:6      | Found a runed translucent gate.
  6413 | D:6      | Noticed Dvallin's ghost (novice GnWn)
  6573 | D:6      | Reached skill level 7 in Maces & Flails
  6697 | D:6      | Reached skill level 11 in Fighting
  6751 | D:6      | Reached skill level 2 in Throwing
  6767 | D:6      | Found an ancient bone altar of Kikubaaqudgha.
  6790 | D:6      | Noticed Maggie
  6805 | D:6      | Killed Maggie
  6805 | D:6      | Reached ** piety under Okawaru
  6806 | D:6      | Reached skill level 12 in Fighting
  6806 | D:6      | Reached skill level 8 in Maces & Flails
  6806 | D:6      | Reached XP level 9. HP: 68/90 MP: 8/8
  7059 | D:6      | Identified the +7 spear of Integrity {flame, rN+ Str+4
                  | Dex-5}
  7079 | D:6      | HP: 19/90 [orc warrior/the +7 spear of Integrity {flame,
                  | rN+ Str+4 Dex-5} (7)]
  7081 | D:6      | Slain by an orc warrior

Vanquished Creatures
  Maggie (D:6)
  Menkaure (D:5)
  4 ice beasts (D:6)
  An orc warrior (D:6)
  A black bear (D:6)
  A phantom (D:4)
  2 kobold brigands
  3 scorpions
  The ghost of THTSBRD the Trooper, a weakling DrMo (D:3)
  The ghost of croobank the Sneak, a weakling OpDe (D:4)
  A howler monkey (D:6)
  2 jellies (D:5)
  5 hounds
  Crazy Yiuf (D:2)
  3 iguanas (D:5)
  Ijyb (D:5)
  6 orc wizards
  8 adders
  A shadow imp (D:5)
  An ufetubus (D:6)
  4 worms
  5 dart slugs
  23 orcs
  8 ball pythons
  3 bats
  10 endoplasms
  4 giant cockroaches
  6 hobgoblins
  14 kobolds
  2 quokkas (D:2)
  2 frilled lizards (D:1)
  A goblin (D:3)
  7 rats
134 creatures vanquished.

Vanquished Creatures (others)
  A human (D:6)
  2 fungi (D:4)
  11 plants
14 creatures vanquished.

Grand Total: 148 creatures vanquished

Table legend:
 A = Non-vault XP
 B = Vault XP
 C = Vault XP percentage of total XP
 D = Non-vault monster count
 E = Vault monster count
 F = Vault count percentage of total count
                 A         B        C        D         E       F
            +---------+---------+-------+---------+---------+-------
      Total |    1898 |    1166 |  38.1 |     101 |      33 |  24.6
            +---------+---------+-------+---------+---------+-------
        D:1 |      20 |       6 |  23.1 |      12 |       4 |  25.0
        D:2 |      45 |      41 |  47.7 |      13 |       1 |   7.1
        D:3 |     184 |     123 |  40.1 |      23 |       5 |  17.9
        D:4 |      53 |     289 |  84.5 |      14 |      15 |  51.7
        D:5 |     350 |     339 |  49.2 |      13 |       6 |  31.6
        D:6 |    1246 |     368 |  22.8 |      26 |       2 |   7.1
            +---------+---------+-------+---------+---------+-------

Illustrated notes

Table legend:
 A = Kills in this place as a percentage of kills in entire the game.
 B = Kills by you in this place as a percentage of kills by you in the entire game.
 C = Kills by friends in this place as a percentage of kills by friends in the entire game.
 D = Other kills in this place as a percentage of other kills in the entire game.
 E = Experience gained in this place as a percentage of experience gained in the entire game.
 F = Experience gained in this place divided by the number of levels of this place that you have seen.
                   A       B       C       D       E      F
               +-------+-------+-------+-------+-------+----------------------
         Total | 100.0 | 100.0 |   N/A |   N/A | 100.0 | 437.7
       Dungeon | 100.0 | 100.0 |   N/A |   N/A | 100.0 | 510.7
               +-------+-------+-------+-------+-------+----------------------

Table legend: (Time is in decaauts)
 A = Elapsed time spent in this place.
 B = Non-inter-level travel time spent in this place.
 C = Inter-level travel time spent in this place.
 D = Time resting spent in this place.
 E = Time spent auto-exploring this place.
 F = Levels seen in this place.
 G = Mean time per level.
                   A        B        C        D        E       F      G
               +--------+--------+--------+--------+--------+-----+--------+
         Total |   7159 |   6843 |    316 |      0 |   6009 |   7 | 1022.7 |
       Dungeon |   6925 |   6651 |    274 |      0 |   5827 |   6 | 1154.2 |
        Temple |    233 |    191 |     42 |      0 |    182 |   1 |  233.0 |
               +--------+--------+--------+--------+--------+-----+--------+

Top non-repeatable levels by time:
     D:3: 1704 daAuts
     D:5: 1104 daAuts
     D:1: 1066 daAuts
     D:4: 1051 daAuts
     D:2: 1026 daAuts
     D:6: 972 daAuts
  Temple: 233 daAuts
